 Dungeon Crawl Stone Soup version 0.28.0-43-g3370ac3207 (webtiles) character file.

Game seed: 15152396294464362380

402 fknight the Skirmisher (level 6, -2/56 HPs)
             Began as a Hill Orc Fighter on Mar 4, 2022.
             Shot with an arrow by a centaur (4 damage)
             ... on level 6 of the Dungeon.
             The game lasted 00:09:14 (3194 turns).

fknight the Skirmisher (Hill Orc Fighter)           Turns: 3194, Time: 00:09:14

Health: -2/56      AC: 12    Str: 21    XL:     6   Next: 85%
Magic:  6/6        EV:  7    Int:  8    God:
Gold:   163        SH:  5    Dex: 10    Spells: 5/5 levels left

rFire   + . .      SeeInvis +   a - +0 war axe
rCold   . . .      Faith    .   c - +0 buckler
rNeg    . . .      Spirit   .   l - +0 chain mail
rPois   .          Reflect  .   r - +0 helmet
rElec   .          Harm     .   (no cloak)
rCorr   .          Rampage  .   (no gloves)
Will    .....                   m - +0 pair of boots
Stlth   ..........              (no amulet)
HPRegen 0.18/turn               s - ring of protection from fire
MPRegen 0.10/turn               p - ring of see invisible

@: no status effects
A: no striking features
a: no special abilities


You were on level 6 of the Dungeon.
You visited 1 branch of the dungeon, and saw 5 of its levels.

You collected 163 gold pieces.

Inventory:

Hand Weapons
 a - a +0 war axe (weapon)
 h - a +0 dagger of venom
 t - a +0 dagger of flaming
Missiles
 e - 49 stones (quivered)
 f - 18 bolts
 j - 2 boomerangs
Armour
 b - a +0 scale mail
 c - a +0 buckler (worn)
 l - a +0 chain mail (worn)
 m - a +0 pair of boots (worn)
 r - a +0 helmet (worn)
Jewellery
 k - a ring of resist corrosion
 n - a +6 ring of strength
 p - a ring of see invisible (right hand)
 s - a ring of protection from fire (left hand)
 u - a +6 ring of dexterity
Scrolls
 o - a scroll of fog
Potions
 d - a potion of might
 g - a potion of curing
 i - a potion of flight {unknown}
 q - a potion of lignification {unknown}


   Skills:
 + Level 5.4 Fighting
 + Level 5.2 Axes
 + Level 5.0 Armour
 + Level 4.9 Shields


You had 5 spell levels left.
You didn't know any spells.
Your spell library was empty.

Dungeon Overview and Level Annotations

Branches:
Dungeon (4/15)
 Temple: D:4-7

Altars:
Ashenzari


Message History

Your Armour skill increases to level 5!
You slash the orc!
You kill the orc!
You start resting.
You feel a little less mighty now.
You start resting.
HP restored.
Items here: ))) [[ ÷÷.
t - a +0 dagger of flaming
Items here: )) [ ÷.
Okay, then.
Things that are here:
a +0 shortbow; 10 arrows; a centaur skeleton
Items here: )) [ ÷.
Items here: )) [[ ÷÷.
Found a steel ring.
u - a +6 ring of dexterity You open the door.
There is an open door here.
A centaur comes into view.
The centaur shouts!
The centaur wields a +0 shortbow of freezing.
It is covered in frost.
The centaur shoots an arrow.
The arrow hits you! The arrow freezes you.
The centaur shoots an arrow.
The arrow hits you. The arrow freezes you.
The centaur shoots an arrow.
The arrow barely misses you.
The centaur shoots an arrow.
The arrow hits you. The arrow freezes you.
The centaur shoots an arrow.
The arrow closely misses you.
There is an open door here.
The centaur shoots an arrow.
The arrow hits you. The arrow freezes you.
The centaur shoots an arrow.
The arrow hits you. The arrow freezes you.
The centaur shoots an arrow.
You block the arrow.
The centaur shoots an arrow.
The arrow hits you.
* * * LOW HITPOINT WARNING * * *
The arrow freezes you.
* * * LOW HITPOINT WARNING * * *
The centaur shoots an arrow.
The arrow hits you!
* * * LOW HITPOINT WARNING * * *
The arrow freezes you.
You die...

#.........#
#.........#
#.c.......#
#.........#
###'#####.###
#.## .....
#..# ......
##.##......
#.@#......
##.#......
######........
#.............
#.............
#.............
#........#.###
#........#.#
#........#.#


You could see a centaur.

Vanquished Creatures
  An ice beast (D:6)
  A centaur (D:6)
  Natasha (twice) (D:4)
  2 orc wizards (D:6)
  6 adders
  A worm (D:2)
  2 dart slugs
  3 orcs
  8 endoplasms
  4 giant cockroaches (D:1)
  5 goblins
  8 hobgoblins
  A quokka (D:1)
  5 ball pythons
  5 bats
  4 frilled lizards
  3 kobolds (D:1)
  7 rats
68 creatures vanquished.

Vanquished Creatures (others)
  An orc wizard (D:6)
  A plant (D:4)
2 creatures vanquished.

Grand Total: 70 creatures vanquished

Notes
Turn   | Place    | Note
-------+----------+-------------------------------------------
     0 | D:1      | fknight the Hill Orc Fighter began the quest for the Orb.
     0 | D:1      | Reached XP level 1. HP: 19/19 MP: 1/1
   129 | D:1      | Reached XP level 2. HP: 27/27 MP: 2/2
   368 | D:1      | Reached XP level 3. HP: 30/33 MP: 3/3
   589 | D:1      | Found a faded altar of an unknown god.
  1198 | D:2      | Reached XP level 4. HP: 40/40 MP: 4/4
  2274 | D:3      | Found a broken altar of Ashenzari.
  2674 | D:4      | Noticed Natasha
  2677 | D:4      | Reached XP level 5. HP: 47/47 MP: 5/5
  2680 | D:4      | Killed Natasha
  2726 | D:4      | Noticed Natasha
  2738 | D:4      | Killed Natasha
  2811 | D:4      | You fall into a shaft and drop 2 floors!
  2812 | D:6      | Noticed a centaur
  2812 | D:6      | Noticed an ice beast
  2824 | D:6      | Killed an ice beast
  2825 | D:6      | Reached skill level 5 in Fighting
  2825 | D:6      | Reached XP level 6. HP: 25/56 MP: 6/6
  2829 | D:6      | Reached skill level 5 in Axes
  2842 | D:6      | Reached skill level 5 in Armour
  3194 | D:6      | HP: 2/56 [centaur/arrow (9)]
  3194 | D:6      | Shot with an arrow by a centaur

Illustrated notes

Levels and vault maps discovered:
D:1:      eino_arrival_cavern_a, layout_basic, chequers_ecumenical_altar_grove
D:2:      wander_river, layout_loops_ring, minmay_misc_feat_enclosed
D:3:      layout_rooms, mainiacjoe_overflow_brackets, kennysheep_pointless_box,
          fountainhead, grunt_ministairs_4, minmay_misc_feat_pillars
D:4:      layout_loops_ring, lemuel_crystal_altar, minmay_temple_entry_tees,
          serial_shops, nicolae_square_shop, guppyfry_early_lair_pool,
          uniq_pikel, uniq_natasha
D:6:      layout_basic, amcnicky_mini_pool_small, lemuel_old_faithful

Skill      XL: |  1  2  3  4  5  6 |
---------------+-------------------+-----
Axes           | 3 4 5 |  5.2
Fighting       | 4 5 |  5.4
Armour         | 4 5 |  5.0
Shields        | 4 |  4.9

Action                   |  1- 3 |  4- 6 || total
-------------------------+-------+-------++-------
Melee: War axe           |    80 |    89 ||   169
Throw: Stone             |    14 |    14 ||    28
  Use: Scroll            |       |     5 ||     5
       Potion            |       |     1 ||     1
Armor: Scale mail        |    49 |       ||    49
       Chain mail        |       |    53 ||    53
Dodge: Dodged            |    36 |    39 ||    75
Block: Buckler           |    17 |    17 ||    34
